 Dungeon Crawl Stone Soup version 0.31-a0-1204-ge2c1a860ed (webtiles) character file.

Game seed: 11651587896734841240

3302 jasper the Merchant of Misery (level 9, -2/71 HPs)
             Began as a Mummy Necromancer on Dec 11, 2023.
             Was a Believer of Kikubaaqudgha.
             Slain by Maggie
             ... wielding a +2 long sword of flaming
              (15 damage)
             ... on level 8 of the Dungeon on Dec 12, 2023.
             The game lasted 00:15:56 (7845 turns).

jasper the Merchant of Misery (Mummy Necromancer)   Turns: 7845, Time: 00:15:57

Health: -2/71      AC:  6    Str: 12    XL:     9   Next: 70%
Magic:  15/21      EV: 16    Int: 18    God:    Kikubaaqudgha [**....]
Gold:   738        SH:  0    Dex: 21    Spells: 14/24 levels left

rFire   x . .        c - +8 whip "Anutyis" {freeze, Dex+3}
rCold   . . .        (no shield)
rNeg    + + +        a - +0 robe
rPois   ∞            D - +2 hat
rElec   .            d - +0 cloak
rCorr   +            s - +0 pair of gloves
SInv    .            (no boots)
Will    +....        o - amulet "Lempaisu" {Acrobat Fly rC- Regen+ rCorr}
Stlth   ++           i - +6 ring of dexterity
HPRegen 1.11/turn    x - ring of resist corrosion
MPRegen 0.17/turn

%: acrobat, faith
@: flying
A: cold resistance 1, negative energy resistance 3, torment resistance 2, heat
vulnerability 1, in touch with death 1, no potions, faith
a: Renounce Religion, Unearth Wretches


You were on level 8 of the Dungeon.
You worshipped Kikubaaqudgha.
Kikubaaqudgha was pleased with you.
You visited 2 branches of the dungeon, and saw 9 of its levels.
You also visited: Sewer, Ossuary and Bailey.

You collected 1253 gold pieces.
You spent 515 gold pieces at shops.

Inventory:

Hand Weapons
 b - a +0 mace
 c - the +8 whip "Anutyis" (weapon) {freeze, Dex+3}
   (You found it on level 3 of the Dungeon)

   Dex+3:     It affects your dexterity (+3).
 h - a +0 spear
 j - a +0 dagger of venom
 p - a +3 dire flail of venom
Missiles
 f - a curare-tipped dart
 k - 6 poisoned darts
 y - 22 boomerangs
Armour
 a - a +0 robe (worn)
 d - a +0 cloak (worn)
 r - a +3 scale mail of cold resistance
 s - a +0 pair of gloves (worn)
 D - a +2 hat (worn)
 E - a +0 pair of gloves
Magical Staves
 n - a staff of earth
Jewellery
 e - an amulet of reflection
 i - a +6 ring of dexterity (left hand)
 l - a ring of protection from cold
 m - an amulet of magic regeneration
 o - the amulet "Lempaisu" (around neck) {Acrobat Fly rC- Regen+ rCorr}
   (You found it on level 4 of the Dungeon)

   [amulet of the acrobat]

   Acrobat:   It increases your evasion while moving and waiting.
   rC-:       It makes you vulnerable to cold.
   Fly:       It grants you flight.
   Regen+:    It increases your rate of health regeneration.
   rCorr:     It protects you from acid and corrosion.
 t - the amulet "Ishriero" {Reflect Rampage rElec rF- SH+5 SInv}
   (You found it on level 5 of the Dungeon)

   [amulet of reflection]

   Reflect:   It reflects blocked missile attacks.
   rF-:       It makes you vulnerable to fire.
   rElec:     It insulates you from electricity.
   SInv:      It lets you see invisible.
   SH+5:      It affects your SH (+5).
   Rampage:   It bestows one free step when moving towards enemies.
 x - a ring of resist corrosion (right hand)
Wands
 q - a wand of roots (25)
 w - a wand of paralysis (7)
Scrolls
 g - a scroll of poison
 u - 3 scrolls of identify
 v - a scroll of fog
 z - a scroll of revelation
 A - 2 scrolls of fear {unknown}
 B - a scroll of butterflies {unknown}
 C - 2 scrolls of brand weapon {unknown}


   Skills:
 + Level 6.8 Fighting
 + Level 5.9 Dodging
 - Level 1.5 Stealth
 - Level 8.0 Spellcasting
 - Level 2.0 Conjurations
 - Level 8.0 Necromancy


You had 14 spell levels left.
You knew the following spells:

 Your Spells              Type           Power      Damage    Failure   Level
a - Necrotise             Necr           100%       1d9       1%          1
b - Vampiric Draining     Necr           52%        2d9       1%          3
c - Searing Ray           Conj           28%        2d5       6%          2
d - Dispel Undead         Necr           52%        3d19      3%          4

Your spell library contained the following spells:

 Spells                   Type           Power      Damage    Failure   Level
 Kiss of Death            Conj/Necr      100%       2d13      1%          1
 Animate Dead             Necr           52%        N/A       3%          4
 Magic Dart               Conj           56%        1d5       4%          1
 Freeze                   Ice            28%        1d5       10%         1
 Agony                    Necr           52%        N/A       10%         5
 Blink                    Tloc           14%        N/A       14%         2
 Hailstorm                Conj/Ice       10%        3d6       19%         3
 Confusing Touch          Hex            7%         N/A       28%         3
 Frozen Ramparts          Ice            14%        1d3       28%         3
 Fulminant Prism          Conj/Hex       5%         3d7       54%         4
 Manifold Assault         Tloc           7%         N/A       67%         4


Dungeon Overview and Level Annotations

Branches:
Dungeon (8/15)             Temple (1/1) D:7           Sewer (visited)
Ossuary (visited)          Bailey (visited)
   Lair: D:8-11

Altars:
Ashenzari
Cheibriados
Dithmenos
Fedhas
Gozag
Hepliaklqana
Kikubaaqudgha
Makhleb
Okawaru
Qazlal
Ru
Sif Muna
Trog
Uskayaw
Vehumet
Wu Jian
Xom
Yredelemnul

Shops:
D:1 (   D:5 ((   D:7 ***(

Annotations:
D:4 1 transporter
D:5 1 runed translucent door, lucidstorm14's ghost, novice HOGl
D:6 1 runed translucent door
D:8 Maggie


Innate Abilities, Weirdness & Mutations

You are immune to poison.
Your flesh is cold resistant. (rC+)
You are immune to negative energy. (rN+++)
You are immune to unholy pain and torment.
You are vulnerable to heat. (rF-)
You are in touch with the powers of death.
You do not drink.
You have a special connection with the divine. (Faith)


Message History

You closely miss the gnoll.
The gnoll is almost dead.
The gnoll misses you. x2
Maggie casts a spell at you. The bolt of fire hits you!!
The fire burns you terribly!
You take 17 damage, and have 48/71 hp.
MASSIVE DAMAGE!!
You hit the gnoll. You freeze the gnoll.
You kill the gnoll!
Kikubaaqudgha accepts your kill. Maggie gestures at you while chanting.
The bolt of fire hits you!! The fire burns you terribly!
You take 25 damage, and have 23/71 hp.
MASSIVE DAMAGE!!
You can't drink.
Unknown command.
Okay, then.
Okay, then.
Maggie mumbles some strange words.
Maggie attempts to bespell you! You resist with almost no effort.
Casting: Necrotise (safe; 1% risk of failure)
Confirm with . or Enter, or press ? or * to list all spells.
Aiming: Vampiric Draining (safe; 1% risk of failure)
Press: ? - help, Shift-Dir - straight line, f - Maggie
Aim: Maggie, wielding a +2 long sword of flaming and wearing +0 swamp dragon scales You feel a surge of power!
You draw life force from Maggie.
You feel life coursing into your body.
Maggie hits you with a +2 long sword of flaming!
* * * LOW HITPOINT WARNING * * *
Maggie burns you!
* * * LOW HITPOINT WARNING * * *
You take 19 damage, and have 6/71 hp.
MASSIVE DAMAGE!!
You now have 18/21 mp.
Casting: Vampiric Draining (safe; 1% risk of failure)
Confirm with . or Enter, or press ? or * to list all spells.
Aiming: Vampiric Draining (safe; 1% risk of failure)
Press: ? - help, Shift-Dir - straight line, f/p - Maggie
Aim: Maggie, wielding a +2 long sword of flaming and wearing +0 swamp dragon scales (lightly wounded)
You feel a surge of power!
You draw life force from Maggie!
You feel life coursing into your body.
Maggie hits you with a +2 long sword of flaming!
You die...
Kikubaaqudgha rasps: "You have failed me!
Welcome... oblivion!"

#.## ##........## #.###
#..## ########.# #.# #
##..# #...# #.# # ##.##
#.#.# #. # #..#######)#.#
#. .@
##...#..)..#.####.### ....
###...#####.......##
.....####...).# ### ##...
........@@###..# ##....
.....#....# #.# ##...#.
.......##...##..####......
######. ###...............
.. ####..#.....>.. ..#
###.......... ..#
#............ ...
####.###........
................


You could see Maggie.

Vanquished Creatures
  A two-headed ogre (D:6)
  Edmund (D:4)
  2 water moccasins (D:6)
  5 orc warriors
  2 sky beasts (D:7)
  2 ice beasts (D:5)
  2 bullfrogs
  A kobold brigand (D:7)
  4 scorpions
  2 howler monkeys
  3 gnoll boudas
  4 hounds
  2 jellies
  3 orc priests
  A sleepcap (D:7)
  3 iguanas
  Ijyb (D:4)
  4 orc wizards
  16 gnolls
  2 river rats (D:5)
  8 adders
  A shadow imp (D:7)
  2 ufetubi (D:6)
  A worm (D:2)
  A dart slug (D:1)
  28 orcs
  15 ball pythons
  13 endoplasms
  7 giant cockroaches
  13 hobgoblins
  3 jackals (D:2)
  17 kobolds
  11 quokkas
  7 bats
  5 frilled lizards
  7 goblins
  8 rats
208 creatures vanquished.

Vanquished Creatures (collateral kills)
  A shadow imp (D:6)
  An endoplasm (Sewer)
  A hobgoblin (D:4)
  A ball python (D:1)
  4 frilled lizards
8 creatures vanquished.

Grand Total: 216 creatures vanquished

Notes
Turn   | Place    | Note
-------+----------+-------------------------------------------
     0 | D:1      | jasper the Mummy Necromancer began the quest for the Orb.
     0 | D:1      | Reached XP level 1. HP: 13/13 MP: 4/4
   232 | D:1      | Found Piops's Weapon Boutique.
   238 | D:1      | Reached XP level 2. HP: 19/19 MP: 4/6
   681 | D:2      | Reached XP level 3. HP: 24/24 MP: 3/9
   687 | D:2      | Learned a level 3 spell: Vampiric Draining
   690 | D:2      | Learned a level 2 spell: Searing Ray
  1573 | D:2      | Reached skill level 5 in Spellcasting
  1573 | D:2      | Reached skill level 1 in Conjurations
  1586 | D:2      | Reached XP level 4. HP: 30/30 MP: 7/11
  1929 | D:3      | Identified the +8 whip "Anutyis" {freeze, Dex+3}
  2083 | D:3      | Found a large runed translucent door.
  2083 | D:3      | Found a large runed translucent door.
  2254 | D:3      | Found a faded altar of an unknown god.
  2519 | D:3      | Found an iron altar of Okawaru.
  2530 | D:3      | Found a burning altar of Makhleb.
  2570 | D:4      | Reached XP level 5. HP: 36/36 MP: 7/12
  2586 | D:4      | Reached skill level 1 in Fighting
  2718 | D:4      | Learned a level 4 spell: Dispel Undead
  2820 | D:4      | Found a transporter.
  2871 | D:4      | Found a transporter.
  2892 | D:4      | Identified the +2 kite shield of an ice cave {rElec rPois
                  | Slay+4}
  2931 | D:4      | Identified the amulet "Lempaisu" {Acrobat Fly rC- Regen+
                  | rCorr}
  2941 | D:4      | Noticed Edmund
  2950 | D:4      | Killed Edmund
  2951 | D:4      | Reached XP level 6. HP: 35/44 MP: 2/14
  3110 | D:4      | Noticed Ijyb
  3117 | D:4      | Killed Ijyb
  3118 | D:4      | Reached skill level 5 in Necromancy
  3249 | D:5      | Entered Level 5 of the Dungeon
  3249 | D:5      | Noticed lucidstorm14's ghost (novice HOGl)
  3249 | D:5      | Found Veitol's Antique Weapon Shop.
  3249 | D:5      | Found a runed translucent door.
  3349 | D:5      | Reached XP level 7. HP: 14/51 MP: 0/16
  3557 | D:5      | Found a glowing drain.
  3558 | D:5      | Found Vanu's Weapon Shoppe.
  3577 | Sewer    | Entered a sewer
  4328 | D:5      | Identified the amulet "Ishriero" {Reflect Rampage rElec rF-
                  | SH+5 SInv}
  4358 | D:5      | Upgraded the game from 0.31-a0-1178-gc5c9b8f871 to
                  | 0.31-a0-1204-ge2c1a860ed
  4362 | D:5      | Reached XP level 8. HP: 58/58 MP: 18/18
  4698 | D:6      | Found a runed translucent door.
  4817 | D:6      | Found a sand-covered staircase.
  4828 | Ossuary  | Entered an ossuary
  4882 | D:6      | Noticed a two-headed ogre
  4894 | D:6      | Killed a two-headed ogre
  5671 | D:6      | Reached XP level 9. HP: 55/66 MP: 15/20
  5781 | D:6      | Reached skill level 5 in Fighting
  6359 | D:7      | Found Xexof's Assorted Antiques.
  6369 | D:7      | Bought a scroll of blinking for 150 gold pieces
  6369 | D:7      | Bought a scroll labelled ARAYSUG CUTTE for 20 gold pieces
  6374 | D:7      | Found a staircase to the Ecumenical Temple.
  6384 | Temple   | Entered the Ecumenical Temple
  6395 | Temple   | Became a worshipper of Kikubaaqudgha
  6454 | D:7      | Found a flagged portal.
  6466 | Bailey   | Entered a bailey
  6506 | Bailey   | Noticed an orc warlord
  6588 | Bailey   | Reached * piety under Kikubaaqudgha
  6588 | Bailey   | Received a gift from Kikubaaqudgha
  6603 | Bailey   | Reached skill level 5 in Dodging
  6749 | Bailey   | Found a runed translucent gate.
  6752 | Bailey   | Found a runed translucent gate.
  6754 | Bailey   | Found a runed translucent gate.
  6843 | D:7      | Acquired 810 gold pieces
  7116 | D:7      | Found Iroy's General Store.
  7155 | D:7      | Found Yqih's Assorted Antiques.
  7159 | D:7      | Bought an embroidered hat for 210 gold pieces
  7159 | D:7      | Bought a pair of gloves for 135 gold pieces
  7280 | D:7      | Found Udeimiso's Antique Weapon Boutique.
  7299 | D:7      | Reached ** piety under Kikubaaqudgha
  7681 | D:8      | Identified the +4 falchion "Feocsum" {venom, rCorr Str+5
                  | Int-2 Dex+4}
  7781 | D:8      | Noticed Maggie
  7845 | D:8      | Slain by Maggie

Illustrated notes

Levels and vault maps discovered:
D:1:      minmay_arrival_doors, layout_rooms, serial_shops, shop
D:2:      layout_basic, serial_curves, eino_curves_01, eino_curves_03
D:3:      layout_rooms, jmf_multi_god_temple2,
          shapermc_ecumenical_altar_mp_highgroup, grunt_decor_fettered
D:4:      layout_basic, gammafunk_ghost_gnarly_gnolls,
          hangedman_decor_clover_reticule, uniq_ijyb, uniq_edmund
D:5:      layout_basic, hellmonk_ghost_happy_afterlife, portal_sewer_entry_a,
          serial_shops, nicolae_shop_advertising_works
          [nicolae_subvault_shop_adworks], shop
D:6:      layout_basic, enter_ossuary_5, lightli_church_of_beogh
D:7:      layout_basic, minmay_temple_entry_junction, serial_shops, shop,
          nicolae_shop_statue_plus, nicolae_shop_back_alley_shop, shop,
          enter_bailey_2
D:8:      layout_rooms, mainiacjoe_overflow_alcove_1, serial_shops,
          nicolae_shop_real_fake_doors, uniq_maggie
Temple:   hellmonk_temple_of_storms

Skill      XL: |  1  2  3  4  5  6  7  8  9 |
---------------+----------------------------+-----
Spellcasting   | 3 4 5 6 7 8 |  8.0
Conjurations   | 1 2 |  2.0
Fighting       | 1 2 3 4 6 |  6.8
Dodging        | 2 3 4 5 |  5.9
Necromancy     | 5 6 7 8 |  8.0
Stealth        | |  1.5

Action                     |  1- 3 |  4- 6 |  7- 9 || total
---------------------------+-------+-------+-------++-------
  Melee: Dagger            |     5 |       |       ||     5
         Punch             |     1 |       |     2 ||     3
         Mace              |     1 |       |       ||     1
         Whip              |       |     7 |   190 ||   197
  Throw: Dart              |       |       |     1 ||     1
   Cast: Necrotise         |    64 |    81 |   138 ||   283
         Vampiric Draining |       |     5 |    21 ||    26
         Searing Ray       |       |     4 |     4 ||     8
  Evoke: Wand              |       |       |     3 ||     3
    Use: Scroll            |     3 |     4 |     7 ||    14
   Stab: Sleeping          |       |       |     3 ||     3
         Paralysed         |       |       |     5 ||     5
 Armour: Robe              |     4 |    27 |   144 ||   175
  Dodge: Dodged            |     7 |    27 |   243 ||   277
  Block: Other             |     4 |     5 |       ||     9
         Reflection        |       |     1 |       ||     1

Table legend: (Time is in decaauts)
 A = Elapsed time spent in this place.
 B = Non-inter-level travel time spent in this place.
 C = Inter-level travel time spent in this place.
 D = Time resting spent in this place.
 E = Time spent auto-exploring this place.
 F = Levels seen in this place.
 G = Mean time per level.
                   A        B        C        D        E       F      G
               +--------+--------+--------+--------+--------+-----+--------+
         Total |   7859 |   7643 |    216 |    222 |   5989 |  12 |  654.9 |
       Dungeon |   6996 |   6800 |    196 |    220 |   5522 |   8 |  874.5 |
        Temple |     22 |      2 |     20 |      0 |      0 |   1 |   22.0 |
         Sewer |    438 |    438 |      0 |      0 |    279 |   1 |  438.0 |
       Ossuary |     23 |     23 |      0 |      2 |      3 |   1 |   23.0 |
        Bailey |    378 |    378 |      0 |      0 |    185 |   1 |  378.0 |
               +--------+--------+--------+--------+--------+-----+--------+

Top non-repeatable levels by time:
     D:6: 1535 daAuts
     D:2: 1246 daAuts
     D:7: 1046 daAuts
     D:5: 958 daAuts
     D:4: 689 daAuts
     D:3: 666 daAuts
     D:1: 644 daAuts
   Sewer: 438 daAuts
  Bailey: 378 daAuts
     D:8: 209 daAuts
 Ossuary: 23 daAuts
  Temple: 22 daAuts
